 Dungeon Crawl Stone Soup version 0.29.0-4-gdea44cf6ec (webtiles) character file.

Game seed: 18056263216504276943

166 qw the Chopper (level 5, -6/30 HPs)
             Began as a Tengu Warper on Aug 28, 2022.
             Mangled by an iguana (8 damage)
             ... on level 4 of the Dungeon.
             The game lasted 00:00:21 (3790 turns).

qw the Chopper (Tengu Warper)                       Turns: 3790, Time: 00:00:22

Health: -6/30      AC:  7    Str: 12 (13) XL:     5   Next: 47%
Magic:  9/9        EV: 12    Int: 12 (14) God:
Gold:   178        SH:  0    Dex: 11 (13) Spells: 8/8 levels left

rFire   . . .      SeeInvis .   Y - +0 hand axe
rCold   . . .      Faith    .   (no shield)
rNeg    . . .      Spirit   .   j - +0 ring mail
rPois   .          Reflect  .   d - +2 hat
rElec   .          Harm     .   (no cloak)
rCorr   .          Rampage  .   (no gloves)
Will    +....                   (boots unavailable)
Stlth   +.........              e - amulet of regeneration
HPRegen 0.90/turn               l - ring of willpower
MPRegen 0.11/turn               (no ring)

@: about to teleport, flying quickly and evasively, quick
A: beak, talons 3, nimble flight
a: no special abilities


You were on level 4 of the Dungeon.
You visited 1 branch of the dungeon, and saw 4 of its levels.

You collected 178 gold pieces.


Innate Abilities, Weirdness & Mutations

You have a beak for a mouth.
You have claws for feet.
Your magical nature lets you fly swiftly and evasively.


   Skills:
 - Level 2.0 Fighting
 + Level 6.1 Axes
 - Level 1.0 Throwing
 - Level 1.1 Armour
 - Level 2.1 Dodging
 - Level 2.0 Spellcasting
 - Level 2.4 Translocations


You had 8 spell levels left.
You didn't know any spells.
Your spell library contained the following spells:

 Spells                   Type           Power      Damage    Failure   Level
 Blink                    Tloc           12%        N/A       34%         2
 Gell's Gravitas          Tloc           6%         N/A       56%         3
 Lesser Beckoning         Tloc           6%         N/A       56%         3
 Teleport Other           Tloc           6%         N/A       56%         3
 Manifold Assault         Tloc           6%         N/A       100%        5

Inventory:

Hand Weapons
 h - a +0 whip of flaming
 Y - a +0 hand axe (weapon)
Missiles
 i - 2 boomerangs (quivered)
Armour
 d - a +2 hat (worn)
 j - a +0 ring mail (worn)
Jewellery
 e - an amulet of regeneration (around neck)
 l - a ring of willpower (left hand)
Scrolls
 g - 3 scrolls of identify
Potions
 a - a potion of brilliance {unknown}
 b - a potion of haste
 c - a potion of cancellation
 f - a potion of might

Dungeon Overview and Level Annotations

Branches:
Dungeon (4/15)
 Temple: D:4-7

Altars:
Wu Jian

Shops:
D:1 =

Annotations:
D:3 2 runed translucent doors


Message History

You hit the orc wizard but do no damage.
You claw the orc wizard.
The orc wizard is heavily wounded.
You closely miss the iguana. You hit the orc wizard. You claw the orc wizard.
The orc wizard is severely wounded.
You hit the iguana.
The orc wizard hits you with a +0 dagger.
The iguana bites you!
You barely miss the orc wizard. Your kick misses the orc wizard.
Your peck misses the orc wizard.
The orc wizard is severely wounded.
You hit the iguana but do no damage.
The orc wizard hits you with a +0 dagger.
The iguana barely misses you.
You hit the orc wizard. You peck the orc wizard.
The orc wizard is almost dead.
You hit the iguana but do no damage.
The orc wizard gestures wildly while chanting.
The orc wizard flickers and vanishes!
Deactivating autopickup; reactivate with Ctrl-A.
The iguana closely misses you.
You barely miss the iguana. Your peck misses the iguana.
The iguana is lightly wounded.
You hit the orc. You barely miss something. The orc hits you with a +0 mace.
Something hits you. The iguana closely misses you.
3789 ||| READING scroll of teleportation.
As you read the scroll of teleportation, it crumbles to dust.
You feel strangely unstable. The orc hits you but does no damage.
Something hits you.
The iguana bites you but does no damage.
You closely miss the orc. Your kick misses the orc. You peck the orc.
Your punch misses the orc.
The orc is heavily wounded.
You hit something.
Reactivating autopickup.
You feel a bit more experienced.
You hit the iguana. The orc hits you with a +0 mace. The iguana bites you!
You die...

##..##.#
#..###.# #.##
#.# #.# #.# #
#.# #.# #.##.#
#.#
##^)..####.##
##....)#.....##
#......@)......
#.:....)lo......
#...............
#.......>(......
#....).....?....
#......)........
##..............
##(....#.......


You could see an iguana and an orc.

Vanquished Creatures
  A hound (D:4)
  An orc wizard (D:4)
  3 gnolls (D:3)
  2 adders (D:2)
  3 worms (D:2)
  3 dart slugs
  2 orcs (D:4)
  5 endoplasms
  3 giant cockroaches
  4 goblins
  3 hobgoblins
  4 jackals (D:2)
  8 kobolds
  5 quokkas
  7 ball pythons
  3 bats
  14 frilled lizards
  4 rats
75 creatures vanquished.

Vanquished Creatures (others)
  4 plants (D:3)
4 creatures vanquished.

Grand Total: 79 creatures vanquished

Notes
Turn   | Place    | Note
-------+----------+-------------------------------------------
     0 | D:1      | qw the Tengu Warper began the quest for the Orb.
     0 | D:1      | Reached XP level 1. HP: 12/12 MP: 4/4
     0 | D:1      | 0 ||| qw: Version: 0.1-a-89-g26bdef1
     0 | D:1      | 0 ||| qw: Game counter: 2401
     0 | D:1      | 0 ||| qw: Always use a shield: true
     0 | D:1      | 0 ||| qw: God list: Okawaru
     0 | D:1      | 0 ||| qw: Allow faded altars: false
     0 | D:1      | 0 ||| qw: Do Orc after D:15 true
     0 | D:1      | 0 ||| qw: Do second Lair branch before Depths: true
     0 | D:1      | 0 ||| qw: Lair rune preference: random
     0 | D:1      | 0 ||| qw: Plans: Normal
     0 | D:1      | 0 ||| PLANNING D:1-11
   337 | D:1      | Reached XP level 2. HP: 17/17 MP: 6/6
   419 | D:1      | Reached skill level 3 in Axes
   522 | D:1      | Found Oninoik's Jewellery Shop.
   525 | D:1      | 525 ||| SHOPLISTING +4 ring of evasion (360 gold, have 28).
   525 | D:1      | 525 ||| SHOPLISTING +6 ring of strength (360 gold, have
                  | 28).
   525 | D:1      | 525 ||| SHOPLISTING amulet of reflection (300 gold, have
                  | 28).
   525 | D:1      | 525 ||| SHOPLISTING amulet of regeneration (300 gold, have
                  | 28).
   525 | D:1      | 525 ||| SHOPLISTING ring "Tuzuel" {*Slow rElec rF+ Int+8}
                  | (502 gold, have 28).
   525 | D:1      | 525 ||| SHOPLISTING ring of ice (250 gold, have 28).
   525 | D:1      | 525 ||| SHOPLISTING ring of willpower (250 gold, have 28).
   553 | D:1      | 553 ||| Stepping ~*~*~tactically~*~*~ (stealth).
   870 | D:1      | 870 ||| Stepping ~*~*~tactically~*~*~ (stealth).
   873 | D:1      | Reached XP level 3. HP: 15/21 MP: 7/7
  1038 | D:1      | 1038 ||| DROPPING +1 whip of holy wrath.
  1199 | D:1      | 1199 ||| READING scroll labelled LUJ HAYHARE.
  1204 | D:1      | 1204 ||| READING 2 scrolls labelled TADWOFE ECOTE.
  1205 | D:1      | 1205 ||| DRINKING 2 grey potions.
  1206 | D:1      | 1206 ||| DROPPING scroll of blinking.
  1256 | D:2      | 1256 ||| Stepping ~*~*~tactically~*~*~ (stealth).
  1257 | D:2      | 1257 ||| Stepping ~*~*~tactically~*~*~ (stealth).
  1258 | D:2      | 1258 ||| Stepping ~*~*~tactically~*~*~ (stealth).
  1264 | D:2      | Reached skill level 4 in Axes
  1571 | D:2      | Reached XP level 4. HP: 13/26 MP: 8/8
  1768 | D:2      | 1768 ||| Stepping ~*~*~tactically~*~*~ (stealth).
  2278 | D:2      | Found an ornate altar of the Wu Jian Council.
  2313 | D:2      | Reached skill level 5 in Axes
  2456 | D:2      | 2456 ||| UPGRADING to +2 hat.
  2461 | D:2      | 2461 ||| UPGRADING to +0 ring mail.
  2471 | D:2      | 2471 ||| DROPPING +0 leather armour.
  2472 | D:2      | 2472 ||| READING scroll labelled SUUM JARORU.
  2473 | D:2      | 2473 ||| READING scroll labelled ZOGAOMMUCAF.
  2474 | D:2      | 2474 ||| DRINKING 2 red potions.
  2475 | D:2      | 2475 ||| READING 5 scrolls of identify.
  2475 | D:2      | 2475 ||| IDENTIFYING viscous ruby potion
  2476 | D:2      | 2476 ||| READING 4 scrolls of identify.
  2476 | D:2      | 2476 ||| IDENTIFYING fuming purple potion
  2477 | D:2      | 2477 ||| DROPPING potion of invisibility.
  2478 | D:2      | 2478 ||| DROPPING potion of degeneration.
  2502 | D:3      | Found a large runed translucent door.
  2502 | D:3      | Found a large runed translucent door.
  2691 | D:3      | 2691 ||| FLEEEEING.
  2692 | D:3      | 2692 ||| FLEEEEING.
  2693 | D:3      | 2693 ||| FLEEEEING.
  2694 | D:3      | 2694 ||| FLEEEEING.
  2695 | D:3      | 2695 ||| FLEEEEING.
  2697 | D:3      | 2697 ||| FLEEEEING.
  2698 | D:3      | 2698 ||| FLEEEEING.
  2699 | D:3      | 2699 ||| FLEEEEING.
  2700 | D:3      | 2700 ||| FLEEEEING.
  2701 | D:3      | 2701 ||| FLEEEEING.
  2702 | D:3      | 2702 ||| FLEEEEING.
  2703 | D:3      | 2703 ||| FLEEEEING.
  2704 | D:3      | 2704 ||| FLEEEEING.
  2705 | D:3      | 2705 ||| FLEEEEING.
  2706 | D:3      | 2706 ||| FLEEEEING.
  2707 | D:3      | 2707 ||| FLEEEEING.
  2708 | D:3      | 2708 ||| FLEEEEING.
  2709 | D:3      | 2709 ||| FLEEEEING.
  2710 | D:3      | 2710 ||| FLEEEEING.
  2711 | D:3      | 2711 ||| FLEEEEING.
  2712 | D:3      | 2712 ||| FLEEEEING.
  2713 | D:3      | 2713 ||| FLEEEEING.
  2888 | D:3      | 2888 ||| Stepping ~*~*~tactically~*~*~ (hiding).
  2891 | D:3      | 2891 ||| Stepping ~*~*~tactically~*~*~ (hiding).
  2904 | D:3      | 2904 ||| FLEEEEING.
  2905 | D:3      | 2905 ||| FLEEEEING.
  2906 | D:3      | 2906 ||| FLEEEEING.
  2907 | D:3      | 2907 ||| FLEEEEING.
  2908 | D:3      | 2908 ||| FLEEEEING.
  2909 | D:3      | 2909 ||| FLEEEEING.
  2910 | D:3      | 2910 ||| FLEEEEING.
  2911 | D:3      | 2911 ||| FLEEEEING.
  2912 | D:3      | 2912 ||| FLEEEEING.
  2913 | D:3      | 2913 ||| FLEEEEING.
  2914 | D:3      | 2914 ||| FLEEEEING.
  2915 | D:3      | 2915 ||| FLEEEEING.
  2916 | D:3      | 2916 ||| FLEEEEING.
  2918 | D:3      | 2918 ||| FLEEEEING.
  2919 | D:3      | 2919 ||| FLEEEEING.
  2920 | D:3      | 2920 ||| FLEEEEING.
  2921 | D:3      | 2921 ||| FLEEEEING.
  2922 | D:3      | 2922 ||| FLEEEEING.
  2923 | D:3      | 2923 ||| FLEEEEING.
  2924 | D:3      | 2924 ||| FLEEEEING.
  2925 | D:3      | 2925 ||| FLEEEEING.
  2928 | D:3      | 2928 ||| FLEEEEING.
  2929 | D:3      | 2929 ||| FLEEEEING.
  2930 | D:3      | 2930 ||| FLEEEEING.
  2931 | D:3      | 2931 ||| FLEEEEING.
  2934 | D:3      | 2934 ||| FLEEEEING.
  2935 | D:3      | 2935 ||| FLEEEEING.
  2937 | D:3      | 2937 ||| FLEEEEING.
  2938 | D:3      | 2938 ||| FLEEEEING.
  2939 | D:3      | 2939 ||| FLEEEEING.
  2940 | D:3      | 2940 ||| FLEEEEING.
  2941 | D:3      | 2941 ||| FLEEEEING.
  2943 | D:3      | 2943 ||| FLEEEEING.
  2944 | D:3      | 2944 ||| FLEEEEING.
  2945 | D:3      | 2945 ||| FLEEEEING.
  2946 | D:3      | 2946 ||| FLEEEEING.
  2947 | D:3      | 2947 ||| FLEEEEING.
  2948 | D:3      | 2948 ||| FLEEEEING.
  2951 | D:3      | 2951 ||| FLEEEEING.
  2954 | D:3      | 2954 ||| STAIRDANCE
  3085 | D:2      | 3085 ||| UPGRADING to amulet of regeneration.
  3090 | D:2      | 3090 ||| READING scroll labelled FEUGAZ ZUATZU.
  3191 | D:2      | 3191 ||| READING 4 scrolls of identify.
  3191 | D:2      | 3191 ||| IDENTIFYING fuming pink potion
  3192 | D:2      | 3192 ||| DROPPING potion of ambrosia.
  3199 | D:3      | Gained mutation: Your magical nature lets you fly swiftly
                  | and evasively. [Tengu growth]
  3199 | D:3      | Reached XP level 5. HP: 21/30 MP: 9/9
  3199 | D:3      | 3199 ||| STAIRDANCE
  3672 | D:3      | 3672 ||| UPGRADING to ring of willpower.
  3673 | D:3      | 3673 ||| READING scroll labelled MUUR QUSTROSUN.
  3674 | D:3      | 3674 ||| READING scroll labelled MESERGH OMUA.
  3675 | D:3      | 3675 ||| DRINKING 2 viscous yellow potions.
  3725 | D:4      | Reached skill level 6 in Axes
  3736 | D:4      | 3736 ||| Stepping ~*~*~tactically~*~*~ (hiding).
  3788 | D:4      | HP: 6/30 [something (4)]
  3789 | D:4      | 3789 ||| READING scroll of teleportation.
  3790 | D:4      | HP: 2/30 [orc/+0 mace (4)]
  3790 | D:4      | Mangled by an iguana

Levels and vault maps discovered:
D:1:      dpeg_arrival_arbitrary_a, layout_loops_ring, serial_shops,
          nicolae_shop_behind_doors
D:2:      layout_loops_cross, basic_altar, kennysheep_donut, minmay_lizard_pond
D:3:      minmay_skewed_foursquare, layout_loops_ring, jmf_multi_god_temple2,
          minivault_23, serial_bayou_crossing
D:4:      layout_rooms, general_overflow_altar

Skill      XL: |  1  2  3  4  5 |
---------------+----------------+-----
Axes           | 3 4 5 6 |  6.1
Fighting       | |  2.0
Throwing       | |  1.0
Armour         | |  1.1
Dodging        | |  2.1
Spellcasting   | |  2.0
Translocations | |  2.4

Action                   |  1- 3 |  4- 6 || total
-------------------------+-------+-------++-------
Melee: Hand axe          |    82 |    74 ||   156
       Kick              |    21 |    23 ||    44
       Peck              |     7 |    14 ||    21
Throw: Boomerang         |     7 |    44 ||    51
  Use: Scroll            |     2 |     9 ||    11
       Potion            |     1 |     2 ||     3
Armor: Leather armour    |     8 |     4 ||    12
       Ring mail         |       |    13 ||    13
Dodge: Dodged            |    36 |    39 ||    75

Table legend:
 A = Non-vault XP
 B = Vault XP
 C = Vault XP percentage of total XP
 D = Non-vault monster count
 E = Vault monster count
 F = Vault count percentage of total count
                 A         B        C        D         E       F
            +---------+---------+-------+---------+---------+-------
      Total |     258 |      15 |   5.5 |      64 |      11 |  14.7
            +---------+---------+-------+---------+---------+-------
        D:1 |      41 |       0 |   0.0 |      25 |       0 |   0.0
        D:2 |      67 |       6 |   8.2 |      20 |       6 |  23.1
        D:3 |      58 |       9 |  13.4 |      13 |       5 |  27.8
        D:4 |      92 |       0 |   0.0 |       6 |       0 |   0.0
            +---------+---------+-------+---------+---------+-------
